 Dungeon Crawl Stone Soup version 0.23-a0-671-g42e8185 (webtiles) character file.

12894 pmoppi the Martial Artist (level 12, -12/63 HPs)
             Began as a Vine Stalker Transmuter on Jan 8, 2019.
             Was a High Priest of Okawaru.
             Mangled by a phantasmal warrior (31 damage)
             ... led by a death knight
             ... on level 10 of the Dungeon.
             The game lasted 00:33:36 (12925 turns).

pmoppi the Martial Artist (VSTm)                   Turns: 12925, Time: 00:33:37

Health: -12/63     AC:  2    Str: 14    XL:     12   Next: 0%
Magic:  0/17       EV: 32    Int: 17    God:    Okawaru [*****.]
Gold:   1096       SH:  0    Dex: 20    Spells: 9/17 levels left

rFire    . . .     SeeInvis .     - Unarmed
rCold    . . .     Gourm    .   (shield currently unavailable)
rNeg     . . .     Faith    .   (armour currently unavailable)
rPois    x         Spirit   +   (helmet currently unavailable)
rElec    .         Reflect  .   (cloak currently unavailable)
rCorr    .         Harm     .   (gloves currently unavailable)
MR       .....                  (boots currently unavailable)
Stlth    ++++++....             (no amulet)
HPRegen  1.00/turn              (no ring)
MPRegen  0.15/turn              (no ring)

@: spider-form (expiring), vulnerable, heroism
A: tiny, regeneration 2, magic shield, no potion heal 3, rot immunity
a: End Transformation, Heroism, Finesse, Renounce Religion


You were on level 10 of the Dungeon.
You worshipped Okawaru.
Okawaru was extremely pleased with you.
You were hungry.
You were a venomous arachnid creature.
You visited 2 branches of the dungeon, and saw 12 of its levels.

You collected 1096 gold pieces.

Inventory:

Missiles
 a - 118 arrows
 v - 5 javelins (quivered)
Armour
 c - a cursed +0 leather armour (melded)
 i - a +1 pair of boots (melded)
 m - a +0 robe of cold resistance
Jewellery
 l - an uncursed ring of magical power {unknown}
 o - a +3 ring of protection {unknown}
 r - an uncursed ring of positive energy {unknown}
 w - a +2 ring of intelligence {unknown}
 y - an uncursed amulet of guardian spirit {unknown}
 F - an uncursed ring of ice
Wands
 h - a wand of iceblast (11)
 k - a wand of flame (61)
Scrolls
 b - 7 scrolls of amnesia
 j - a scroll of fear
 n - 6 scrolls of teleportation
 x - 2 scrolls of blinking
 B - 2 scrolls of immolation
 C - a scroll of enchant armour
 D - a scroll of enchant weapon {unknown}
 G - a scroll of summoning {unknown}
 I - a scroll of identify
Potions
 e - 2 potions of resistance
 f - 2 potions of brilliance
 g - 3 potions of flight
 p - a potion of agility
 q - 3 potions of mutation
 s - 6 potions of curing
 t - 4 potions of haste
 u - a potion of ambrosia
 z - a potion of might {unknown}
 A - a potion of invisibility
 E - a potion of berserk rage {unknown}
Comestibles
 d - 26 rations
 H - 3 chunks of flesh


   Skills:
 + Level 7.3(12.3) Fighting
 + Level 6.9(11.9) Dodging
 - Level 8.0(13.0) Stealth
 + Level 10.9(15.9) Unarmed Combat
 - Level 3.0 Spellcasting
 + Level 5.3 Transmutations
 + Level 1.3 Ice Magic
 - Level 2.0 Poison Magic
 * Level 6.5 Invocations


You had 9 spell levels left.
You knew the following spells:

 Your Spells              Type           Power        Failure   Level  Hunger
a - Beastly Appendage     Tmut           ###...       8%          1    None
b - Spider Form           Tmut/Pois      ###.......   28%         3    ###....
c - Ice Form              Ice/Tmut       ##......     63%         4    ####...

Your spell library contained the following spells:

 Spells                   Type           Power        Failure   Level  Hunger
 Sticks to Snakes         Tmut           ###.....     11%         2    ##.....
 Corona                   Hex            #......      36%         1    None
 Magic Dart               Conj           #...         36%         1    None
 Pain                     Necr           #...         36%         1    None
 Ensorcelled Hibernation  Hex/Ice        #.....       41%         2    ##.....
 Searing Ray              Conj           #.....       47%         2    ##.....
 Confuse                  Hex            #.......     67%         3    ###....
 Dazzling Spray           Conj/Hex       #.....       67%         3    ###....
 Tukima's Dance           Hex            #.......     67%         3    ###....
 Blade Hands              Tmut           ###.......   69%         5    ######.
 Force Lance              Conj/Tloc      #.......     95%         4    ####...
 Fulminant Prism          Conj/Hex       #.........   95%         4    ####...
 Iskenderun's Mystic Bla  Conj           #.......     95%         4    ####...


Dungeon Overview and Level Annotations

Branches:
Dungeon (11/15)            Temple (1/1) D:5            Lair (0/6) D:9
    Orc (0/2) D:10

Altars:
Ashenzari
Cheibriados
Dithmenos
Elyvilon
Fedhas
Gozag
Hepliaklqana
Kikubaaqudgha
Makhleb
Nemelex Xobeh
Okawaru
Qazlal
Ru
Sif Muna
Trog
Uskayaw
Vehumet
Wu Jian
Xom
Yredelemnul
Zin
The Shining One
Beogh

Annotations:
D:3 2 transporters, zbzbzb's ghost, amateur OpAs
D:6 3 runed doors, snackwell's ghost, novice DsWz
D:7 2 transporters, Grum; brasw1bg's ghost, novice DEFE
D:11 1 transporter


Innate Abilities, Weirdness & Mutations

((You have razor-sharp teeth.))
You heal very quickly.
When hurt, damage is shared between your health and your magic reserves.
((Your bite disrupts and absorbs the magic of your enemies.))
Potions cannot restore your health.
You are immune to rotting.


Message History

You barely miss the phantasmal warrior.
The phantasmal warrior is lightly damaged.
The phantasmal warrior hits you!!
* * * LOW HITPOINT WARNING * * *
You are feeling hungry.
You hit the phantasmal warrior but do no damage.
The phantasmal warrior is lightly damaged.
The phantasmal warrior completely misses you.
The phantasmal warrior blinks!
The phantasmal warrior hits you!
* * * LOW HITPOINT WARNING * * *
Your transformation is almost over.
The phantasmal warrior blinks!
The phantasmal warrior blinks!
You maul the phantasmal warrior!!
The phantasmal warrior is heavily damaged.
You barely miss the phantasmal warrior.
The phantasmal warrior is heavily damaged.
The phantasmal warrior hits you!!
You die...

############# ##..##..##...#
#...##...#...## #.............##
##.........#§...#
#..........##...# ####
##..........###..####..##
#.........#.#.s...##....#
##...........W#...##....#######
###........####........##≈≈≈..#
#.....#.....###...##..##≈####.)
##[...#.......##......#.##..'##
###.....#............#..#.#.....#
#........#.............##.#.....#
#.......##.............##.#...PP#
#......##.........##.(.##≈#.≈..≈#


You could see a phantasmal warrior.

Vanquished Creatures
  Fannar (D:10)
  2 death knights
  2 two-headed ogres (D:8)
  Nergalle (D:10)
  An unseen horror (D:11)
  Pikel (D:4)
  A manticore (D:11)
  Joseph (D:10)
  3 centaur skeletons
  A freezing wraith (D:11)
  2 trolls
  A hippogriff (D:9)
  3 hungry ghosts
  2 wargs (D:9)
  6 orc warriors
  A black bear (D:8)
  3 sky beasts
  2 slaves (D:4)
  2 necrophages
  3 phantoms
  2 ice beasts
  7 ogres
  4 centaurs
  A big kobold (D:8)
  9 bullfrogs
  2 water moccasin zombies
  A scorpion (D:10)
  5 killer bees
  An oklob sapling (D:5)
  6 electric eels (D:10)
  A centaur zombie (D:6)
  5 crimson imps
  2 bullfrog skeletons
  10 orc priests
  7 hounds
  4 jellies
  Ijyb (D:4)
  3 iguanas
  7 orc wizards
  11 worker ants
  A killer bee zombie (D:5)
  3 hound skeletons
  2 worker ant zombies
  4 gnolls
  14 adders
  5 shadow imps
  6 oozes
  An adder skeleton (D:8)
  4 worms
  2 dart slugs
  6 leopard geckos
  41 orcs
  12 giant cockroaches
  5 goblins
  2 hobgoblins
  4 jackals
  9 quokkas
  A ball python (D:3)
  9 bats
  3 frilled lizards
  A giant cockroach zombie (D:5)
  A jackal zombie (D:7)
  9 kobolds
  A leopard gecko zombie (D:8)
  3 rats
  A plant (D:5)
278 creatures vanquished.

Vanquished Creatures (others)
  6 plants (D:7)
  5 toadstools (D:11)
11 creatures vanquished.

Grand Total: 289 creatures vanquished

Notes
Turn   | Place    | Note
-------+----------+-------------------------------------------
     0 | D:1      | pmoppi the Vine Stalker Transmuter began the quest for the
                  | Orb.
     0 | D:1      | Reached XP level 1. HP: 9/9 MP: 4/4
   361 | D:1      | Reached skill level 1 in Fighting
   450 | D:1      | Reached XP level 2. HP: 9/14 MP: 4/6
  1064 | D:2      | Found a basalt altar of Yredelemnul.
  1092 | D:2      | Reached XP level 3. HP: 12/18 MP: 7/7
  2848 | D:2      | Found a faded altar of an unknown god.
  2852 | D:2      | Gained mutation: Your natural rate of healing is unusually
                  | fast. [Vine Stalker growth]
  2852 | D:2      | Reached XP level 4. HP: 22/22 MP: 9/9
  2904 | D:3      | Found a blossoming altar of Fedhas.
  3206 | D:3      | Learned a level 3 spell: Spider Form
  3219 | D:3      | Reached skill level 4 in Unarmed Combat
  3276 | D:3      | Reached XP level 5. HP: 26/26 MP: 6/10
  3299 | D:3      | Found a transporter.
  3300 | D:3      | Noticed zbzbzb's ghost (amateur OpAs)
  3300 | D:3      | Identified the +9 dire flail of the Middle {holy, +Fly
                  | rPois rN+ Int+3}
  3300 | D:3      | Noticed an ogre
  3305 | D:3      | Found a transporter.
  3478 | D:3      | Found a sacrificial altar of Ru.
  3488 | D:3      | Found a hazy altar of Hepliaklqana.
  3493 | D:3      | Found a hide-covered altar of Uskayaw.
  4663 | D:4      | Reached XP level 6. HP: 27/30 MP: 8/11
  4754 | D:4      | Noticed Ijyb
  4766 | D:4      | Killed Ijyb
  5013 | D:4      | Noticed a slave
  5013 | D:4      | Noticed a slave
  5022 | D:4      | Killed a slave
  5030 | D:4      | Killed a slave
  5034 | D:4      | Noticed Pikel
  5046 | D:4      | Killed Pikel
  5046 | D:4      | Reached skill level 5 in Unarmed Combat
  5046 | D:4      | Reached XP level 7. HP: 19/36 MP: 3/12
  5374 | D:4      | Reached skill level 6 in Unarmed Combat
  5563 | D:4      | Gained mutation: You have razor-sharp teeth. [Vine Stalker
                  | growth]
  5563 | D:4      | Reached XP level 8. HP: 30/40 MP: 13/13
  5650 | D:5      | Entered Level 5 of the Dungeon
  5738 | D:5      | Found a staircase to the Ecumenical Temple.
  5846 | Temple   | Entered the Ecumenical Temple
  6121 | D:5      | Found an ancient bone altar of Kikubaaqudgha.
  6129 | D:5      | Found a deep blue altar of Sif Muna.
  6131 | D:5      | Found a radiant altar of Vehumet.
  6134 | D:5      | Identified Kikubaaqudgha's Collected Works on Necromancy
  6207 | D:5      | Got a polished morningstar
  6602 | D:6      | Reached skill level 7 in Unarmed Combat
  6743 | D:6      | Found an iron altar of Okawaru.
  6803 | D:6      | Became a worshipper of Warmaster Okawaru
  6859 | D:6      | Noticed an angel
  6860 | D:6      | Found a shimmering altar of Xom.
  6860 | D:6      | Found a glowing silver altar of Zin.
  6889 | D:6      | Found a snail-covered altar of Cheibriados.
  6947 | D:6      | Found a burning altar of Makhleb.
  6960 | D:6      | Reached skill level 5 in Transmutations
  6960 | D:6      | Reached skill level 1 in Poison Magic
  7033 | D:6      | Found a shadowy altar of Dithmenos.
  7164 | D:6      | Found a runed gate.
  7164 | D:6      | Found a runed gate.
  7164 | D:6      | Found a runed gate.
  7534 | D:6      | Noticed snackwell's ghost (novice DsWz)
  7536 | D:6      | Identified the +11 morningstar of Ekoryar {antimagic,
                  | Fragile rF- Str+9 Int+5}
  7537 | D:6      | Found a roughly hewn altar of Beogh.
  7628 | D:7      | Found a deep blue altar of Sif Muna.
  7674 | D:7      | Reached XP level 9. HP: 46/46 MP: 12/14
  7728 | D:7      | Found a transporter.
  7728 | D:7      | Noticed Grum
  7878 | D:7      | Reached skill level 1 in Stealth
  7952 | D:7      | Reached skill level 1 in Invocations
  8070 | D:7      | Noticed brasw1bg's ghost (novice DEFE)
  8086 | D:7      | Identified the ring "Donyucw" {rF+ MR+}
  8093 | D:7      | Found a transporter.
  8568 | D:8      | Identified the +8 morningstar of Bohev {crush, *Contam rC+
                  | Int+3 SInv} (You found it on level 5 of the Dungeon)
  8594 | D:8      | Reached * piety under Okawaru
  8594 | D:8      | Reached skill level 8 in Unarmed Combat
  8717 | D:8      | Reached skill level 5 in Fighting
  8881 | D:8      | Noticed a two-headed ogre
  8890 | D:8      | Killed a two-headed ogre
  8890 | D:8      | Reached ** piety under Okawaru
  8890 | D:8      | Reached skill level 5 in Dodging
  8890 | D:8      | Reached skill level 9 in Unarmed Combat
  8890 | D:8      | Reached XP level 10. HP: 49/51 MP: 9/15
  8921 | D:8      | Learned a level 4 spell: Ice Form
  9291 | D:8      | Noticed a two-headed ogre
  9299 | D:8      | Killed a two-headed ogre
  9299 | D:8      | Reached skill level 5 in Stealth
  9302 | D:8      | Found a radiant altar of Vehumet.
  9899 | D:9      | Found a staircase to the Lair.
  9939 | D:9      | Reached skill level 10 in Unarmed Combat
 10013 | D:9      | Reached *** piety under Okawaru
 10290 | D:9      | Found a bloodstained altar of Trog.
 10348 | D:9      | Reached XP level 11. HP: 56/56 MP: 11/16
 10666 | D:10     | Entered Level 10 of the Dungeon
 10680 | D:10     | Noticed Nergalle
 10793 | D:10     | Killed Nergalle
 10793 | D:10     | Reached skill level 5 in Invocations
 10881 | D:10     | Noticed Joseph
 10896 | D:10     | Killed Joseph
 10999 | D:10     | Found a staircase to the Orcish Mines.
 10999 | D:10     | Noticed Fannar
 11093 | D:10     | Found a bloodstained altar of Trog.
 11173 | D:10     | Killed Fannar
 11173 | D:10     | Reached **** piety under Okawaru
 11472 | D:10     | Noticed a death knight
 11487 | D:10     | Killed a death knight
 11854 | D:11     | Found a transporter.
 12147 | D:11     | Killed an unseen horror
 12147 | D:11     | Reached ***** piety under Okawaru
 12399 | D:11     | Noticed a manticore
 12411 | D:11     | Noticed a death knight
 12412 | D:11     | Killed a manticore
 12492 | D:11     | Reached skill level 1 in Ice Magic
 12704 | D:11     | Killed a death knight
 12704 | D:11     | Gained mutation: You heal very quickly. [Vine Stalker
                  | growth]
 12704 | D:11     | Reached XP level 12. HP: 14/63 MP: 3/17
 12925 | D:10     | Mangled by a phantasmal warrior

Vault maps used:
D:1:      minmay_arrival_five_plusses
D:2:      yredelemnul_altar_generic, chequers_ecumenical_altar_lobes
D:3:      minmay_overflow_temple_star_quad, first_ration, gammafunk_ghost_smash,
          dk_vineyard_2, corexii_hall_statues_x, fedhas_ov_isle_minmay
D:4:      minmay_polygon_palace, minmay_misc_feat_hallway, uniq_pikel, uniq_ijyb
D:5:      grunt_temple_overflow_magic_moments, minmay_temple_entry_oklob
D:6:      grunt_temple_overflow_order_and_chaos_1,
          nicolae_overflow_crystal_walls, lemuel_doored_altar,
          makhleb_blood_cavern_becter, biasface_ghost_orc_armoury, basic_altar
D:7:      basic_altar, gammafunk_ghost_gnarly_gnolls
D:8:      cheibrodos_barr_body, hangedman_little_slice_of_home,
          vehumet_altar_wand_db
D:9:      lightli_temple_of_fire, erik_lair_orcish_takeover
D:10:     cheibrodos_two_vegetables, orc_0_dummy, minmay_ruined_shrine,
          uniq_fannar, uniq_nergalle, uniq_joseph
D:11:     gammafunk_cloud_chamber, minmay_gold_behind_fungi
Temple:   grunt_temple_mini_profane

Skill      XL: |  1  2  3  4  5  6  7  8  9 10 11 |
---------------+----------------------------------+-----
Fighting       | 1 2 3 4 5 6 7 |  7.3
Dodging        | 2 3 4 5 6 |  6.9
Unarmed Combat | 4 5 6 7 9 10 | 10.9
Spellcasting   | 3 |  3.0
Transmutations | 3 4 5 |  5.3
Poison Magic   | 1 2 |  2.0
Stealth        | 4 6 8 |  8.0
Invocations    | 3 4 6 |  6.5
Ice Magic      | 1 |  1.3

Action                   |  1- 3 |  4- 6 |  7- 9 | 10-12 || total
-------------------------+-------+-------+-------+-------++-------
Melee: Unarmed           |   100 |   135 |   299 |   421 ||   955
       Kick              |    12 |       |       |       ||    12
       Bite              |    18 |    17 |    35 |    16 ||    86
       Punch             |     3 |     1 |     2 |     3 ||     9
       Headbutt          |     2 |    11 |    17 |     2 ||    32
 Cast: Beastly Appendage |    22 |    14 |    12 |     4 ||    52
       Spider Form       |       |    11 |    32 |    42 ||    85
Invok: Heroism           |       |       |     2 |    27 ||    29
Evoke: Wand              |       |       |       |     9 ||     9
  Use: Scroll            |     2 |     3 |    10 |     7 ||    22
 Stab: Sleeping          |     1 |       |     3 |     6 ||    10
  Eat: Chunk             |     6 |     9 |    15 |    20 ||    50
       Ration            |       |       |     1 |       ||     1
Armor: Robe              |    26 |    14 |       |       ||    40
       Leather armour    |       |     2 |    30 |    17 ||    49
       Skin              |       |       |     5 |     8 ||    13
Dodge: Dodged            |    70 |    90 |   197 |   443 ||   800

Table legend:
 A = Non-vault XP
 B = Vault XP
 C = Vault XP percentage of total XP
 D = Non-vault monster count
 E = Vault monster count
 F = Vault count percentage of total count
                 A         B        C        D         E       F
            +---------+---------+-------+---------+---------+-------
      Total |   11527 |    6894 |  37.4 |     211 |      64 |  23.3
            +---------+---------+-------+---------+---------+-------
        D:1 |      25 |       0 |   0.0 |      15 |       0 |   0.0
        D:2 |      58 |       0 |   0.0 |      17 |       0 |   0.0
        D:3 |     134 |       0 |   0.0 |      25 |       0 |   0.0
        D:4 |     193 |     798 |  80.5 |      11 |      12 |  52.2
        D:5 |     472 |      57 |  10.8 |      18 |       1 |   5.3
        D:6 |     447 |     143 |  24.2 |      12 |       2 |  14.3
        D:7 |     696 |       0 |   0.0 |      12 |       0 |   0.0
        D:8 |    3547 |     820 |  18.8 |      38 |      21 |  35.6
        D:9 |    1541 |     593 |  27.8 |      21 |       8 |  27.6
       D:10 |     647 |    4483 |  87.4 |      10 |      20 |  66.7
       D:11 |    3767 |       0 |   0.0 |      32 |       0 |   0.0
            +---------+---------+-------+---------+---------+-------
